 Dungeon Crawl Stone Soup version 0.30-a0-457-g4b7bca3bfa (webtiles) character file.

Game seed: 5979137882423979163

3056 arthad the Magician (level 10, -6/70 HPs)
             Began as a Djinni Fire Elementalist on Dec 12, 2022.
             Was an Initiate of Gozag.
             Killed by divine providence
             ... invoked by an orc priest
              (15 damage)
             ... on level 8 of the Dungeon.
             The game lasted 00:21:03 (7821 turns).

arthad the Magician (Djinni Fire Elementalist)      Turns: 7821, Time: 00:21:04

Health: -6/70      AC:  5    Str:  7    XL:     10   Next: 11%
Gold:   637        EV: 14    Int: 22    God:    Gozag SH:  0 Dex: 13

rFire   + + .      SeeInvis .    r - +1 whip (venom)
rCold   . . .      Faith    .    (no shield)
rNeg    . . .      Spirit   .    a - +0 robe
rPois   ∞          Reflect  .    g - +0 helmet
rElec   .          Harm     .    K - +1 cloak
rCorr   .          Rampage  .    (no gloves)
Will    .....                    (boots unavailable)
Stlth   +++.......               (no amulet)
HPRegen 0.31/turn                k - ring of protection from cold
MPRegen 0.00/turn                (no ring)

@: weak-willed, flying
A: sickness immunity, fire resistance 2, cold vulnerability 1, float, innate
caster, HP casting, extra vitality 1
a: Renounce Religion, Potion Petition, Call Merchant, Bribe Branch


You were on level 8 of the Dungeon.
You worshipped Gozag.
Gozag was pleased with you.
You visited 2 branches of the dungeon, and saw 9 of its levels.

You collected 771 gold pieces.
You spent 50 gold pieces at shops.
You paid 84 gold pieces to Gozag.

Inventory:

Hand Weapons
 r - a +1 whip of venom (weapon)
 u - a +0 trident of freezing
 C - a +0 whip of flaming
 J - a +2 quarterstaff of chaos
 L - a +1 vampiric whip
Missiles
 q - 5 javelins
 M - 5 poisoned darts
Armour
 a - a +0 robe (worn)
 g - a +0 helmet (worn)
 A - a +2 kite shield
 K - a +1 cloak (worn)
Magical Staves
 N - a staff of conjuration
Jewellery
 c - an amulet of magic regeneration
 k - a ring of protection from cold (left hand)
 x - a ring of magical power
 F - a ring of magical power
Wands
 o - a wand of acid (8)
 O - a wand of flame (31)
Scrolls
 b - a scroll of vulnerability
 e - 4 scrolls of identify {unknown}
 l - a scroll of enchant weapon {unknown}
 m - a scroll of fog {unknown}
 n - 2 scrolls of magic mapping {unknown}
 s - 2 scrolls of blinking {unknown}
 v - 2 scrolls of noise {unknown}
 w - a scroll of amnesia {unknown}
 y - a scroll of immolation {unknown}
 B - 5 scrolls of teleportation {unknown}
 D - a scroll of torment {unknown}
 E - a scroll of enchant armour {unknown}
 G - a scroll of silence {unknown}
 H - a scroll of fear {unknown}
Potions
 d - a potion of curing
 f - 2 potions of resistance {unknown}
 h - a potion of lignification {unknown}
 i - 2 potions of might {unknown}
 j - 3 potions of mutation {unknown}
 p - 2 potions of attraction {unknown}
 t - 2 potions of haste {unknown}
 z - a potion of magic {unknown}


   Skills:
 + Level 5.1 Fighting
 + Level 5.2 Armour
 + Level 6.3 Dodging
 + Level 5.2 Stealth
 * Level 6.5 Spellcasting


You couldn't memorise any spells.
You knew the following spells:

 Your Spells              Type           Power      Damage    Failure   Level
a - Foxfire               Conj/Fire      100%       2x1d9     1%          1
b - Scorch                Fire           70%        2d8       1%          2
c - Kindle Blastsparks    Fire/Tloc/Air  70%        2d15      1%          3
d - Inner Flame           Hex/Fire       35%        N/A       1%          3
e - Flame Wave            Conj/Fire      35%        2d10      6%          4
f - Freeze                Ice            100%       1d10      1%          1
g - Static Discharge      Conj/Air       70%        2-5/arc   1%          2
h - Momentum Strike       Conj/Tloc      70%        3d9       1%          2
i - Airstrike             Air            17%        2d(3-19)  6%          4
Your spell library was empty.

Dungeon Overview and Level Annotations

Branches:
Dungeon (8/15)             Temple (1/1) D:5
   Lair: D:8-11

Altars:
Ashenzari
Cheibriados
Dithmenos
Fedhas
Gozag
Hepliaklqana
Makhleb
Nemelex Xobeh
Okawaru
Qazlal
Ru
Trog
Uskayaw
Wu Jian
Xom
Zin
The Shining One

Shops:
D:2 ?*


Innate Abilities, Weirdness & Mutations

You are immune to sickness and miasma.
You are immune to poison.
Your flesh is very heat resistant. (rF++)
You are vulnerable to cold. (rC-)
You float through the air rather than walking.
You learn spells naturally, not from books.
Your magical power is your life essence.
You have superior vitality. (+4 MHP)


Message History

The boulder beetle's fire resistance burns away.
The foxfire hits the boulder beetle.
The boulder beetle is burned terribly!
The boulder beetle is moderately wounded.
The foxfire hits the boulder beetle but does no damage.
The boulder beetle is moderately wounded.
Unknown command.
Unknown command.
Casting: Scorch (safe; 1% risk of failure)
Confirm with . or Enter, or press ? or * to list all spells.
You conjure some foxfire!
The boulder beetle hits you!!!
Ouch! That really hurt!
* * * LOW HITPOINT WARNING * * *
The boulder beetle stops rolling and uncurls.
Unknown command.
Unknown command.
Unknown command.
You feel much better.
The foxfire hits the boulder beetle but does no damage.
The boulder beetle is moderately wounded.
The foxfire hits the boulder beetle.
The boulder beetle is burned terribly!
The boulder beetle is moderately wounded.
The boulder beetle misses you.
Okay, then.
Casting: Foxfire (safe; 1% risk of failure)
Confirm with . or Enter, or press ? or * to list all spells.
The boulder beetle is struck by an arc of lightning.
The boulder beetle is heavily wounded.
You are struck by an arc of lightning.
The lightning grounds out.
The boulder beetle bites you!!
* * * LOW HITPOINT WARNING * * *
Unknown command.
It was a potion of curing.
You feel better. The boulder beetle bites you!
* * * LOW HITPOINT WARNING * * *
As you read the scroll labelled MAPTAL WAAMA, it crumbles to dust.
Magic quickly surges around you.
It was a scroll of vulnerability.
The boulder beetle is no longer more vulnerable to fire.
The orc priest calls down the wrath of Beogh upon you.
Beogh smites you!
You die...
Your body crumbles into a pile of gold.

##########
#..$.....# $
#........#
#..?.....#
#$.......#
#..o@....#
.$$....B....#
...$........#
.............#
$
..............#
............#.!
......_..#### .
......8..#


You could see a boulder beetle (weak-willed) and an orc priest (weak-willed).

Vanquished Creatures
  2 water moccasins (D:6)
  An acid dragon (D:6)
  A black bear (D:5)
  2 ice beasts
  2 ogres (D:6)
  4 centaurs
  A phantom (D:5)
  2 kobold brigands (D:7)
  2 gnoll sergeants
  4 bullfrogs
  3 necrophages
  3 scorpions (D:5)
  2 howler monkeys
  A jelly (D:5)
  6 hounds
  3 orc priests
  Crazy Yiuf (D:6)
  3 gnoll boudas
  2 iguanas
  5 orc wizards
  15 gnolls
  11 adders
  A white imp (D:6)
  3 ufetubi
  3 worms
  4 dart slugs
  14 orcs
  5 bats
  5 endoplasms
  4 giant cockroaches
  6 goblins
  11 hobgoblins
  4 jackals (D:3)
  9 kobolds
  5 quokkas
  5 ball pythons
  6 frilled lizards
  2 rats
  A spectral hobgoblin (D:3)
164 creatures vanquished.

Vanquished Creatures (others)
  A gnoll (D:4)
  562 foxfires
  42 plants (D:5)
605 creatures vanquished.

Grand Total: 769 creatures vanquished

Notes
Turn   | Place    | Note
-------+----------+-------------------------------------------
     0 | D:1      | arthad the Djinni Fire Elementalist began the quest for the
                  | Orb.
     0 | D:1      | arthad set off with the following spells memorised:
                  | Foxfire, Scorch, Kindle Blastsparks, Inner Flame, Flame
                  | Wave.
     0 | D:1      | Reached XP level 1. HP: 15/15 MP: 0/0
   141 | D:1      | Reached XP level 2. HP: 14/21 MP: 0/0
   433 | D:1      | Reached XP level 3. HP: 24/25 MP: 0/0
   433 | D:1      | Learned a level 1 spell: Freeze
   889 | D:2      | Reached XP level 4. HP: 25/31 MP: 0/0
  1020 | D:2      | Reached skill level 1 in Armour
  1179 | D:2      | Found Tyofinn's Magic Scroll Boutique.
  1255 | D:2      | Reached skill level 1 in Fighting
  1301 | D:2      | Found Jor Igayl's General Store.
  1318 | D:2      | Bought a potion of heal wounds for 50 gold pieces
  1533 | D:2      | Reached XP level 5. HP: 34/37 MP: 0/0
  1533 | D:2      | Learned a level 2 spell: Static Discharge
  2017 | D:3      | Found an iron altar of Okawaru.
  2017 | D:3      | Found a shadowy altar of Dithmenos.
  2042 | D:3      | Noticed an ice beast
  2049 | D:3      | Killed an ice beast
  2050 | D:3      | Reached XP level 6. HP: 40/43 MP: 0/0
  2273 | D:3      | Found a faded altar of an unknown god.
  2535 | D:4      | HP: 2/43 [gnoll/+0 whip[a gnoll sergeant] (7)]
  2932 | D:4      | Reached XP level 7. HP: 43/49 MP: 0/0
  2932 | D:4      | Learned a level 2 spell: Momentum Strike
  3256 | D:4      | Found an ornate altar of the Wu Jian Council.
  4136 | D:5      | Entered Level 5 of the Dungeon
  4186 | D:5      | Reached XP level 8. HP: 50/55 MP: 0/0
  4504 | D:5      | Reached skill level 5 in Spellcasting
  4637 | D:5      | Reached skill level 5 in Dodging
  4724 | D:5      | Found a burning altar of Makhleb.
  4796 | D:5      | Found a glowing golden altar of the Shining One.
  4820 | D:5      | Found a staircase to the Ecumenical Temple.
  4846 | Temple   | Entered the Ecumenical Temple
  5014 | Temple   | Became a worshipper of Gozag Ym Sagoz the Greedy
  5258 | D:5      | Reached XP level 9. HP: 59/62 MP: 0/0
  5258 | D:5      | Learned a level 4 spell: Airstrike
  6381 | D:6      | Found a runed translucent door.
  6382 | D:6      | Noticed Crazy Yiuf
  6918 | D:6      | Killed Crazy Yiuf
  7217 | D:7      | Reached skill level 5 in Stealth
  7221 | D:7      | Reached skill level 5 in Armour
  7279 | D:7      | Reached skill level 5 in Fighting
  7279 | D:7      | Reached XP level 10. HP: 54/70 MP: 0/0
  7364 | D:7      | Found a hide-covered altar of Uskayaw.
  7799 | D:8      | Noticed a boulder beetle
  7799 | D:8      | Found a snail-covered altar of Cheibriados.
  7821 | D:8      | Killed from afar by an orc priest

Illustrated notes

Levels and vault maps discovered:
D:1:      matt_arrival_refuge, layout_basic
D:2:      layout_loops_ring, serial_shops, nicolae_square_shop, shop,
          minmay_pentomino_z4
D:3:      layout_basic, gammafunk_temple_overflow_elements,
          dreamdust_ecumenical_altar_drowned_temple
D:4:      layout_loops_ring, nzn_wu_jian_contemplation,
          hangedman_decor_peaks_small, nrook_mini_backslash,
          minmay_misc_feat_iff
D:5:      minmay_razor_zed, layout_basic, tso_metal_star,
          mainiacjoe_overflow_six_doors_small, minmay_temple_entry_offerings,
          serial_curves, eino_curves_01, eino_curves_02, serial_bayou_lagoon_a,
          kennysheep_doodads
D:6:      layout_basic, dk_noncrumbling_4, kennysheep_opposing_triangles,
          uniq_crazy_yiuf_cottage
D:7:      layout_cave_pools, nicolae_uskayaw_dance_studio, serial_gnoll_camp,
          gnoll_camp_mini_hut, gnoll_camp_mini_hut, gnoll_camp_mini_house,
          gnoll_camp_mini_house
D:8:      layout_rooms, chequers_temple_overflow_statue_of_worship,
          minmay_misc_feat_encased
Temple:   nicolae_temple_bog_church

Skill      XL: |  1  2  3  4  5  6  7  8  9 |
---------------+----------------------------+-----
Stealth        | 2 3 4 5 |  5.2
Armour         | 1 2 3 5 |  5.2
Dodging        | 3 4 5 6 |  6.3
Spellcasting   | 3 4 5 6 |  6.5
Fighting       | 1 2 3 5 |  5.1

Action                   |  1- 3 |  4- 6 |  7- 9 | 10-12 || total
-------------------------+-------+-------+-------+-------++-------
Melee: Unarmed           |    26 |     7 |       |       ||    33
       Whip              |       |     4 |     8 |       ||    12
 Cast: Foxfire           |    47 |    86 |   148 |    41 ||   322
       Scorch            |       |     6 |    61 |     6 ||    73
       Kindle Blastspark |       |     2 |     3 |       ||     5
       Static Discharge  |       |       |       |     1 ||     1
  Use: Potion            |       |       |     1 |     2 ||     3
       Scroll            |       |       |       |     1 ||     1
Armor: Robe              |    12 |     8 |    10 |       ||    30
Dodge: Dodged            |    36 |    28 |    39 |     7 ||   110

Table legend: (Time is in decaauts)
 A = Elapsed time spent in this place.
 B = Non-inter-level travel time spent in this place.
 C = Inter-level travel time spent in this place.
 D = Time resting spent in this place.
 E = Time spent auto-exploring this place.
 F = Levels seen in this place.
 G = Mean time per level.
                   A        B        C        D        E       F      G
               +--------+--------+--------+--------+--------+-----+--------+
         Total |   7821 |   7511 |    310 |    524 |   5867 |   9 |  869.0 |
       Dungeon |   7632 |   7375 |    257 |    524 |   5742 |   8 |  954.0 |
        Temple |    188 |    135 |     53 |      0 |    125 |   1 |  188.0 |
               +--------+--------+--------+--------+--------+-----+--------+

Top non-repeatable levels by time:
     D:4: 1565 daAuts
     D:5: 1393 daAuts
     D:6: 1239 daAuts
     D:2: 934 daAuts
     D:7: 840 daAuts
     D:1: 820 daAuts
     D:3: 817 daAuts
  Temple: 188 daAuts
     D:8: 21 daAuts
